 Dungeon Crawl Stone Soup version 0.30-a0-339-g89bb51ec76 (webtiles) character file.

Game seed: 11932573820639883281

13 retardedninja the Trooper (level 2, -1/27 HPs)
             Began as a Hill Orc Fighter on Oct 31, 2022.
             Slain by Natasha (2 damage)
             ... on level 2 of the Dungeon.
             The game lasted 00:00:56 (619 turns).

retardedninja the Trooper (Hill Orc Fighter)         Turns: 619, Time: 00:00:56

Health: -1/27      AC:  6    Str: 18    XL:     2   Next: 37%
Magic:  2/2        EV:  9    Int:  8    God:
Gold:   66         SH:  4    Dex: 10    Spells: 1/1 levels left

rFire   . . .      SeeInvis .    a - +0 war axe
rCold   . . .      Faith    .    c - +0 buckler
rNeg    . . .      Spirit   .    b - +0 scale mail
rPois   .          Reflect  .    (no helmet)
rElec   .          Harm     .    (no cloak)
rCorr   .          Rampage  .    (no gloves)
Will    .....                    (no boots)
Stlth   ..........               (no amulet)
HPRegen 0.24/turn                (no ring)
MPRegen 0.08/turn                (no ring)

@: no status effects
A: no striking features
a: no special abilities


You were on level 2 of the Dungeon.
You visited 1 branch of the dungeon, and saw 2 of its levels.

You collected 66 gold pieces.

Inventory:

Hand Weapons
 a - a +0 war axe (weapon)
Armour
 b - a +0 scale mail (worn)
 c - a +0 buckler (worn)
Scrolls
 e - a scroll of butterflies {unknown}
 i - 2 scrolls of identify {unknown}
 j - 2 scrolls of teleportation {unknown}
Potions
 d - a potion of might
 f - 3 potions of curing {unknown}
 g - a potion of heal wounds {unknown}
 h - a potion of invisibility {unknown}


   Skills:
 + Level 3.9 Fighting
 + Level 3.1 Axes
 + Level 3.5 Armour
 + Level 3.5 Shields


You had one spell level left.
You didn't know any spells.
Your spell library was empty.

Dungeon Overview and Level Annotations

Branches:
Dungeon (2/15)

Altars:

Annotations:
D:2 Natasha


Message History

Natasha is nearby!
Natasha mumbles some strange words.
Natasha claws you.
The crimson imp hits you but does no damage.
You barely miss the crimson imp. You barely miss Natasha.
Natasha casts a spell.
The crimson imp hits you.
You slash the crimson imp!
The crimson imp is heavily wounded.
You hit Natasha. Natasha barely misses you. You block the crimson imp's attack.
Natasha claws you.
You closely miss the crimson imp.
The crimson imp is heavily wounded.
You hit the iron imp. You closely miss Natasha.
The crimson imp hits you but does no damage.
Natasha claws you. The iron imp barely misses you.
The crimson imp closely misses you.
You barely miss the crimson imp.
The crimson imp is moderately wounded.
You hit the iron imp. You barely miss Natasha. Natasha claws you!
The crimson imp hits you. The iron imp barely misses you.
You are too injured to fight recklessly!
You are too injured to fight recklessly!
You are too injured to fight recklessly!
You are too injured to fight recklessly!
You are too injured to fight recklessly!
You are too injured to fight recklessly!
You are too injured to fight recklessly!
You are too injured to fight recklessly!
You are too injured to fight recklessly!
Unknown command.
You slash Natasha!
Natasha is severely wounded.
You closely miss the crimson imp. You hit the iron imp. Natasha claws you.
* * * LOW HITPOINT WARNING * * *
The crimson imp hits you but does no damage.
The iron imp hits you.
* * * LOW HITPOINT WARNING * * *
Natasha claws you.
You die...

............. .>#
#.###..####.# #.#
#'###.......# #.#
............#.#.#
............. #.#
...........####.#######
..............†........
..........#####.###.###
..........# #.5@5..#
..........# #.h###.#
..........# #..#
..........# #..#
..........# #..#
..........# #..#
.....###### #..# .....#
#.. .....


You could see an iron imp (summoned), Natasha and a crimson imp (summoned).

Vanquished Creatures
  A dart slug (D:1)
  A bat (D:1)
  2 endoplasms (D:1)
  2 goblins (D:1)
  A hobgoblin (D:1)
  A kobold (D:1)
  2 rats
10 creatures vanquished.

Notes
Turn   | Place    | Note
-------+----------+-------------------------------------------
     0 | D:1      | retardedninja the Hill Orc Fighter began the quest for the
                  | Orb.
     0 | D:1      | Reached XP level 1. HP: 19/19 MP: 1/1
   306 | D:1      | Reached XP level 2. HP: 27/27 MP: 2/2
   612 | D:2      | Noticed Natasha
   614 | D:2      | Noticed a crimson imp
   619 | D:2      | HP: 1/27 [iron imp[Natasha] (6)]
   619 | D:2      | Slain by Natasha

Illustrated notes

Levels and vault maps discovered:
D:1:      dpeg_arrival_radiant, layout_basic
D:2:      layout_basic, serial_shops, shop, uniq_natasha, uniq_terence

Skill      XL: |  1  2 |
---------------+-------+-----
Axes           | 3 |  3.1
Fighting       | |  3.9
Armour         | |  3.5
Shields        | |  3.5

Action                   || total
-------------------------++-------
Melee: War axe           ||    30
Armor: Scale mail        ||    18
Dodge: Dodged            ||    14
Block: Buckler           ||     5

Table legend: (Time is in decaauts)
 A = Elapsed time spent in this place.
 B = Non-inter-level travel time spent in this place.
 C = Inter-level travel time spent in this place.
 D = Time resting spent in this place.
 E = Time spent auto-exploring this place.
 F = Levels seen in this place.
 G = Mean time per level.
                   A        B        C        D        E       F      G
               +--------+--------+--------+--------+--------+-----+--------+
         Total |    630 |    605 |     25 |      0 |    509 |   2 |  315.0 |
       Dungeon |    630 |    605 |     25 |      0 |    509 |   2 |  315.0 |
               +--------+--------+--------+--------+--------+-----+--------+

Top non-repeatable levels by time:
     D:1: 586 daAuts
     D:2: 43 daAuts
